Map: Terraform LE (Void)

Players

Toons

  • Race: Zerg Zerg
  • League: Silver

Atelect - Winner!

  • Race: Terran Terran

VOD

Have the link to the VOD?

Description

Time

  • Played on: Aug. 1, 2015, 5:47 a.m.
  • Length: 15:12
Show
View Real Time Build Order
Export as new Build Order

Toons Zerg 

Build Orders: Hatch First 

Get SALT Encoding   

  12  0:01  Drone  
  13  0:10  Drone  
  14  0:17  Overlord  
  14  0:35  Drone x3  
  17  0:53  Drone  
  18  1:02  Drone, Extractor  
  18  1:03  Hatchery  
  17  1:16  Spawning Pool  
  17  1:18  Drone  
  17  1:20  Drone  
  18  1:30  Drone  
  19  1:40  Overlord  
  20  1:54  Drone  
  20  2:03  Drone  
  20  2:04  Queen  
  23  2:14  Extractor  
  22  2:20  Roach Warren, Zergling x2  
  22  2:21  Zergling x2  
  23  2:23  Queen  
  23  2:26  Overlord  
  23  2:29  Drone  
  26  2:53  Drone x4  
  30  3:07  Drone x2  
  30  3:08  Drone  
  33  3:16  Roach x3  
  33  3:17  Roach  
  41  3:29  Evolution Chamber, Roach  
  41  3:30  Roach  
  44  3:35  Overlord  
  44  3:37  Overlord  
  44  3:55  Overlord  
  44  4:01  Overlord  
  44  4:12  Drone  
  44  4:13  Drone x9  
  54  4:18  Drone  
  55  4:26  Lair, Extractor  
  54  4:33  Zerg Missile Weapons Level 1  
  58  5:00  Roach x6  
  58  5:01  Roach  
  58  5:04  Overlord x3  
  68  5:29  Drone x2  
  68  5:30  Spore Crawler, Drone x3  
  72  5:44  Spire  
  72  5:45  Drone, Overlord  
  72  5:46  Overlord  
  72  5:49  Glial Reconstitution  
  72  5:53  Ravager x6  
  78  5:57  Zergling x10  
  78  5:58  Zergling x4  
  78  6:03  Extractor  
  84  6:22  Hatchery  
  83  6:39  Zergling x2  
  85  6:40  Zergling x14  
  91  6:49  Spore Crawler  
  90  7:10  Drone x6  
  90  7:11  Mutalisk  
  90  7:12  Mutalisk x5  
  90  7:14  Zerg Melee Weapons Level 1  
  108  7:20  Overlord  
  108  7:21  Overlord  
  104  7:31  Metabolic Boost  
  85  8:03  Drone x2  
  85  8:04  Drone x3  
  90  8:27  Queen  
  92  8:36  Hydralisk Den  
  91  8:41  Evolution Chamber  
  90  8:53  Roach  
  90  8:54  Roach x16  
  124  9:03  Extractor x2  
  122  9:22  Hatchery  
  121  9:25  Zerg Missile Weapons Level 2, Zerg Melee Weapons Level 2  
  121  9:28  Zerg Flyer Weapons Level 1  
  121  9:34  Spore Crawler  
  121  9:37  Spore Crawler  
  121  9:38  Drone x2  
  121  9:39  Drone  
  122  9:55  Overlord x6  
  122  10:22  Roach  
  122  10:23  Roach x15  
  104  10:51  Zergling x22  
  104  10:52  Zergling x4  
  103  11:02  Extractor  
  83  11:24  Zergling x2  
  83  11:25  Zergling x22  
  58  11:42  Queen  
  58  11:44  Drone x3  
  62  11:56  Infestation Pit  
  59  12:07  Lurker Den  
  58  12:15  Zergling x14  
  48  12:16  Hydralisk x6, Zergling x2  
  48  12:17  Hydralisk x9  
  84  12:33  Extractor  
  84  12:36  Spore Crawler  
  82  12:45  Zerg Ground Armor Level 1  
  82  13:07  Hive  
  82  13:11  Mutalisk  
  82  13:23  Mutalisk  
  82  13:24  Zergling x8  
  82  13:25  Zergling x30  
  99  13:53  Baneling Nest  
  98  14:14  Zergling x10  
  98  14:15  Zergling x14  
  95  14:26  Zergling x2  
  95  14:27  Zergling x4  
  62  14:45  Hydralisk  
  51  14:46  Hydralisk x8  
Show
View Real Time Build Order
Export as new Build Order

Atelect Terran - Winner!

Build Orders: MMM Bio 

Get SALT Encoding   

  12  0:01  SCV  
  13  0:13  SCV  
  14  0:25  SCV  
  14  0:27  Supply Depot  
  15  0:35  Refinery  
  15  0:48  SCV  
  16  0:52  Barracks  
  16  1:00  SCV  
  17  1:13  SCV  
  18  1:25  SCV  
  19  1:39  Orbital Command  
  19  1:40  Supply Depot  
  19  1:42  Reaper  
  20  1:50  Refinery  
  20  1:53  Barracks  
  20  2:17  Barracks Tech Lab  
  20  2:29  SCV  
  21  2:36  Stimpack  
  21  2:38  Marauder  
  21  2:41  Barracks Reactor, SCV  
  24  2:54  SCV  
  25  3:00  Marauder  
  27  3:14  Factory  
  27  3:17  Marine x2  
  29  3:21  Marauder  
  31  3:30  Engineering Bay  
  31  3:42  Supply Depot  
  31  4:03  Marine x2  
  31  4:05  Supply Depot  
  33  4:16  Factory Tech Lab  
  33  4:21  Marine x2  
  35  4:28  Supply Depot  
  35  4:29  Command Center  
  35  4:35  Terran Infantry Weapons Level 1  
  35  4:39  Cyclone  
  38  4:51  Supply Depot  
  38  4:55  Marine x2  
  38  4:56  Marauder  
  42  5:11  Cyclone  
  42  5:13  Marine x2  
  47  5:17  Marauder  
  49  5:24  Starport  
  49  5:28  Missile Turret  
  49  5:31  Marine  
  50  5:39  Marauder  
  52  5:50  Refinery  
  52  5:52  Hellion  
  54  5:57  Combat Shields  
  54  6:00  Marauder  
  56  6:07  Starport Reactor  
  56  6:10  Orbital Command  
  56  6:14  Hellion  
  56  6:16  SCV  
  59  6:27  Supply Depot  
  59  6:28  SCV, Liberator  
  59  6:31  Liberator  
  60  6:40  SCV  
  64  6:50  Supply Depot  
  64  6:52  SCV  
  68  6:56  Armory  
  68  6:59  Terran Infantry Armor Level 1  
  68  7:04  SCV  
  68  7:05  SCV  
  70  7:13  Supply Depot  
  70  7:16  SCV  
  71  7:28  Medivac  
  73  7:31  Medivac  
  75  7:37  Supply Depot  
  64  7:54  Marine x2  
  64  7:55  Marauder  
  68  8:00  Missile Turret  
  68  8:12  Marine x2  
  68  8:16  Marauder  
  71  8:23  Liberator x2  
  71  8:30  Marine x2  
  71  8:33  Hellbat  
  75  8:38  Marauder  
  83  8:48  Marine x2  
  84  8:54  Hellbat  
  87  8:59  Marauder  
  89  9:05  Missile Turret  
  89  9:16  Hellbat  
  91  9:20  Marauder  
  91  9:23  Medivac x2  
  97  9:31  Terran Vehicle And Ship Armor Level 1  
  97  9:36  Missile Turret  
  97  9:44  Marine x2  
  97  9:45  Marauder  
  101  9:49  Hellbat  
  103  9:57  Missile Turret  
  103  10:02  Marine x2  
  103  10:06  Marauder  
  107  10:11  Hellbat  
  109  10:20  Marine  
  110  10:22  Marine  
  110  10:28  Marauder  
  89  10:48  Marine x2  
  89  10:49  Marauder  
  79  11:00  Medivac x2  
  83  11:06  Marine x2  
  83  11:10  Marauder  
  74  11:24  Marine x2  
  74  11:25  Terran Vehicle Weapons Level 1  
  66  11:30  Medivac x2  
  66  11:32  Marauder  
  63  11:42  Thor, Marine x2  
  71  11:53  Marauder  
  73  11:59  Marine  
  73  12:00  Marine  
  75  12:04  Liberator  
  75  12:14  Marauder  
  73  12:17  Marine x2  
  73  12:19  Terran Infantry Armor Level 2  
  78  12:25  Thor  
  84  12:33  Refinery  
  84  12:36  Marauder  
  86  12:48  Fusion Core  
  86  12:57  Marauder  
  88  13:24  Marine x2  
  88  13:25  Marauder  
  92  13:42  Marine x2  
  92  13:46  Starport Tech Lab, Marauder  
  96  13:56  Thor  
  96  14:00  Marine x2  
  104  14:07  Marauder  
  106  14:17  Marine  
  106  14:18  Marine  
  97  14:29  Marauder  
  80  14:42  Marine x2  
  78  14:49  Command Center  
  78  14:50  Marauder  
Tags
 
Composition
MMM Bio
League
Silver
Matchup
TvZ
Replay Pack
nubstuff
Add a new tag
Caveats
  • Supply blocks, unpowered buildings, or Contaminate may cause inaccurate times.
  • Supply counts are checked every 10 seconds.